Map: Sueño eterno EE

Players

Null

  • Race: Protoss Protoss
  • League: Gold
  • Spawn Location: 7:00

MrFercho - Winner!

  • Race: Zerg Zerg
  • League: Gold
  • Spawn Location: 1:00

VOD

Have the link to the VOD?

Description

Time

  • Played on: Aug. 16, 2020, 11:37 p.m.
  • Length: 15:07
Show
View Real Time Build Order
Export as new Build Order

Null Protoss 

Build Orders: 1 Gate Expand, Zealot Archon 

Get SALT Encoding   

  12  0:00  Probe  
  13  0:14  Pylon  
  13  0:18  Probe  
  14  0:33  Gateway  
  14  0:37  Probe (Chrono Boost)  
  15  0:47  Probe (Chrono Boost)  
  15  0:48  Assimilator  
  16  0:52  Probe (Chrono Boost)  
  17  1:03  Probe  
  18  1:16  Probe  
  19  1:34  Nexus  
  19  1:46  Gateway  
  19  1:54  Cybernetics Core  
  19  1:59  Zealot  
  21  2:04  Probe  
  22  2:11  Pylon  
  22  2:26  Probe  
  23  2:31  Stalker  
  23  2:35  Adept  
  27  2:38  Warp Gate  
  27  2:41  Probe  
  28  2:50  Probe (Chrono Boost)  
  29  2:55  Probe (Chrono Boost)  
  30  3:01  Assimilator  
  30  3:04  Probe (Chrono Boost)  
  31  3:09  Sentry, Probe  
  34  3:14  Assimilator  
  34  3:15  Probe  
  35  3:34  Robotics Facility  
  35  3:39  Probe x2  
  37  3:43  Assimilator  
  37  3:52  Probe x2  
  39  4:06  Probe x2  
  41  4:16  Stalker x2  
  45  4:24  Observer (Chrono Boost)  
  44  4:30  Gateway  
  44  4:35  Gateway  
  44  4:36  Forge  
  44  4:38  Twilight Council  
  44  4:42  Probe  
  44  4:43  Probe  
  46  4:53  Pylon  
  46  4:56  Pylon  
  46  5:04  Observer  
  46  5:11  Immortal (Chrono Boost)  
  50  5:14  Sentry x2  
  50  5:18  Probe x2  
  56  5:30  Probe  
  56  5:31  Probe  
  58  5:40  Protoss Ground Armor Level 1 (Chrono Boost)  
  58  5:42  Stargate  
  58  5:47  Warp Prism (Chrono Boost)  
  60  6:01  Templar Archives  
  60  6:02  Probe x2  
  62  6:10  Observer  
  62  6:21  Pylon  
  62  6:23  Nexus  
  62  6:25  Pylon  
  62  6:39  Probe x2  
  64  6:47  Adept x2  
  64  6:49  High Templar x2  
  64  6:53  Archon  
  72  6:57  Probe x2  
  74  7:24  Observer  
  70  7:35  Adept x3  
  76  7:40  Psionic Storm  
  76  7:43  Gateway  
  76  7:46  Gateway  
  75  8:03  High Templar x2  
  75  8:04  High Templar x2  
  83  8:11  Shield Battery  
  83  8:14  Shield Battery  
  83  8:18  Protoss Ground Weapons Level 1 (Chrono Boost)  
  83  8:27  Charge (Chrono Boost)  
  83  8:29  Observer  
  84  8:40  Stalker  
  86  8:42  Adept  
  86  8:43  Adept  
  90  8:49  Assimilator  
  90  9:04  Nexus  
  90  9:06  Pylon, High Templar  
  90  9:09  Pylon  
  92  9:39  High Templar x2  
  92  9:40  High Templar  
  92  9:41  High Templar x2  
  92  9:42  High Templar  
  92  9:45  Nexus  
  104  9:47  Pylon, Archon x3  
  104  9:49  Pylon  
  104  10:00  Robotics Bay  
  104  10:09  Protoss Ground Armor Level 2 (Chrono Boost)  
  104  10:23  Adept  
  104  10:24  Adept  
  108  10:38  Zealot x2  
  108  10:39  Zealot x2  
  116  10:43  Pylon  
  116  10:47  Pylon  
  116  10:51  Pylon, Disruptor (Chrono Boost)  
  116  10:53  Gateway  
  116  10:54  Gateway  
  118  11:08  Robotics Facility  
  112  11:25  Disruptor  
  84  12:05  Zealot x3  
  84  12:06  Zealot x3  
  96  12:31  Zealot x4  
  89  13:00  Zealot  
  89  13:01  Zealot x4  
  89  13:02  Zealot  
  83  13:22  Colossus (Chrono Boost)  
  95  13:27  High Templar x2  
  95  13:28  Zealot  
  95  13:29  Zealot x3  
  95  13:32  Colossus (Chrono Boost)  
  94  14:09  Observer  
  91  14:11  Zealot x2  
  91  14:12  Zealot x2  
  105  14:27  Stalker  
  105  14:29  Stalker  
  105  14:57  Zealot x2  
Show
View Real Time Build Order
Export as new Build Order

MrFercho Zerg - Winner!

Build Orders: Pool First, Lurkers 

Get SALT Encoding   

  12  0:01  Drone  
  13  0:13  Overlord  
  13  0:18  Drone  
  14  0:32  Drone x2  
  16  1:00  Spawning Pool  
  16  1:03  Drone x2  
  16  1:04  Drone  
  18  1:15  Extractor  
  17  1:27  Drone x2  
  17  1:28  Hatchery  
  18  1:38  Drone  
  19  1:48  Queen  
  19  1:50  Zergling x2  
  22  2:01  Overlord  
  22  2:21  Overlord  
  22  2:23  Drone  
  23  2:32  Drone  
  24  2:40  Drone  
  24  2:42  Queen  
  27  2:46  Metabolic Boost  
  27  2:57  Drone x3  
  30  3:11  Zergling x2  
  31  3:15  Drone x3  
  31  3:18  Lair  
  34  3:22  Overlord  
  34  3:24  Overlord  
  34  3:34  Drone  
  34  3:35  Drone  
  36  3:42  Drone x3  
  36  3:48  Queen  
  41  4:02  Drone x3  
  44  4:13  Extractor  
  44  4:15  Extractor  
  42  4:21  Drone  
  43  4:27  Drone  
  43  4:28  Drone x3  
  43  4:29  Drone x3  
  50  4:33  Overlord x2  
  50  4:55  Evolution Chamber  
  50  4:58  Zergling x8  
  50  4:59  Zergling x2  
  54  5:00  Zergling x2  
  54  5:01  Overlord  
  55  5:16  Drone x2  
  55  5:19  Hatchery  
  56  5:22  Hatchery  
  56  5:24  Hydralisk Den  
  56  5:25  Drone  
  56  5:26  Queen  
  57  5:30  Pneumatized Carapace  
  57  5:31  Overseer  
  57  5:55  Zerg Melee Weapons Level 1  
  57  6:02  Muscular Augments  
  57  6:05  Evolution Chamber  
  56  6:15  Drone  
  56  6:16  Drone x11  
  68  6:24  Overseer  
  68  6:28  Extractor  
  68  6:29  Queen  
  69  6:36  Infestation Pit  
  68  6:41  Drone x7  
  68  6:43  Extractor, Queen  
  68  6:45  Extractor  
  75  6:56  Zerg Missile Weapons Level 1  
  75  7:03  Drone  
  75  7:04  Drone x3  
  75  7:05  Drone x2  
  75  7:08  Spore Crawler  
  80  7:11  Spine Crawler  
  80  7:12  Drone x2  
  80  7:14  Spine Crawler, Grooved Spines  
  71  7:26  Hydralisk  
  71  7:27  Hydralisk x9  
  86  7:34  Drone  
  86  7:36  Overlord x5  
  87  7:47  Spore Crawler  
  87  7:49  Spine Crawler  
  85  7:54  Spine Crawler  
  84  7:59  Drone x4  
  84  8:00  Drone x2  
  90  8:06  Queen  
  90  8:08  Drone x9  
  101  8:14  Hive  
  101  8:22  Drone x2, Spore Crawler  
  101  8:24  Drone x3  
  105  8:30  Extractor  
  105  8:31  Extractor, Hydralisk x5  
  113  8:48  Zerg Ground Armor Level 1  
  113  8:55  Hydralisk x3  
  113  8:56  Hydralisk x4  
  113  8:59  Overlord x3  
  113  9:00  Overlord x2  
  127  9:14  Lurker Den, Spire  
  127  9:16  Drone x2  
  127  9:17  Drone  
  127  9:18  Drone x2  
  127  9:21  Drone  
  131  9:24  Drone x3  
  131  9:25  Drone x4  
  131  9:26  Drone x3  
  141  9:32  Hydralisk x6  
  141  9:35  Zerg Missile Weapons Level 2  
  153  9:39  Drone  
  154  9:53  Spore Crawler  
  154  9:58  Spine Crawler  
  152  10:03  Drone  
  152  10:04  Drone x3  
  152  10:05  Spine Crawler  
  155  10:09  Spore Crawler  
  155  10:11  Drone x2  
  155  10:12  Spine Crawler, Drone  
  155  10:13  Hydralisk  
  155  10:14  Spine Crawler, Hydralisk x5  
  158  10:15  Overlord x2  
  158  10:16  Overlord x3  
  158  10:18  Overseer  
  167  10:21  Seismic Spines  
  167  10:30  Greater Spire  
  167  10:33  Hydralisk x8  
  182  11:18  Adaptive Talons  
  182  11:37  Corruptor x8  
  198  11:49  Zerg Flyer Weapons Level 1  
  152  12:17  Extractor  
  152  12:18  Extractor, Hatchery  
  149  12:23  Brood Lord  
  149  12:24  Brood Lord x7  
  149  12:25  Hydralisk x11  
  149  12:26  Hydralisk x5  
  152  13:13  Hydralisk x3  
  152  13:14  Hydralisk x17  
  192  13:57  Hydralisk x12  
  192  14:14  Lurker x5  
  192  14:15  Lurker x3  
  200  14:45  Overlord  
  200  14:46  Overlord x4  
  200  14:47  Overlord  
Tags
 
Add a new tag
Caveats
  • Supply blocks, unpowered buildings, or Contaminate may cause inaccurate times.
  • Supply counts are checked every 10 seconds.